 Dungeon Crawl Stone Soup version 0.24.0-13-gcf9b3192b9 (webtiles) character file.

Game seed: 17006829377316010492, levelgen mode: deterministic

109 Delamore the Chopper (level 4, -3/39 HPs)
             Began as a Hill Orc Fighter on Nov 10, 2019.
             Slain by a gnoll
             ... wielding a +0 club
              (7 damage)
             ... on level 3 of the Dungeon.
             The game lasted 00:04:03 (2767 turns).

Delamore the Chopper (Hill Orc Fighter)             Turns: 2767, Time: 00:04:04

Health: -3/39      AC:  8    Str: 19    XL:     4   Next: 89%
Magic:  4/4        EV: 10    Int:  8    God:
Gold:   74         SH:  0    Dex: 10    Spells: 3/3 levels left

rFire    . . .     SeeInvis .   p - +2 bardiche (protect)
rCold    . . .     Gourm    .   (shield currently unavailable)
rNeg     . . .     Faith    .   b - +0 scale mail
rPois    .         Spirit   .   h - +0 helmet
rElec    .         Reflect  .   (no cloak)
rCorr    .         Harm     .   (no gloves)
MR       .....                  (no boots)
Stlth    ..........             (no amulet)
HPRegen  0.13/turn              (no ring)
MPRegen  0.09/turn              (no ring)

@: no status effects
A: no striking features
a: no special abilities


You were on level 3 of the Dungeon.
You were not hungry.

You visited 1 branch of the dungeon, and saw 3 of its levels.

You collected 74 gold pieces.

Inventory:

Hand Weapons
 a - a +0 war axe
 p - a +2 bardiche of protection (weapon)
Armour
 b - a +0 scale mail (worn)
 c - a +0 shield
 h - a +0 helmet (worn)
Wands
 o - a wand of flame (19)
Scrolls
 e - 3 scrolls of identify {unknown}
 i - 2 scrolls of teleportation {unknown}
 j - a scroll of fog {unknown}
 l - a scroll of enchant weapon {unknown}
 q - a scroll of noise {unknown}
Potions
 d - a potion of might
 g - 4 potions of curing {unknown}
 k - 2 potions of flight {unknown}
 m - a potion of brilliance {unknown}
Comestibles
 f - 6 rations


   Skills:
 - Level 3.6 Fighting
 + Level 5.9 Axes
 - Level 3.2 Armour
 - Level 0.9 Dodging
 - Level 0.8 Stealth
 - Level 3.2 Shields


You had 3 spell levels left.
You didn't know any spells.
Your spell library was empty.

Dungeon Overview and Level Annotations

Branches:
Dungeon (3/15)

Altars:


Message History

Your weapon exudes an aura of protection.
The gnoll is lightly wounded.
The gnoll closely misses you. The gnoll misses you.
The gnoll closely misses you. The gnoll hits you but does no damage.
The gnoll hits you from afar with a +0 spear.
The gnoll hits you but does no damage. x3
You barely miss the gnoll.
The gnoll is lightly wounded.
The gnoll hits you but does no damage. x3; The gnoll hits you with a +0 club.
* * * LOW HITPOINT WARNING * * *
The gnoll hits you but does no damage. The gnoll barely misses you.
The gnoll completely misses you.
You barely miss the gnoll.
The gnoll is lightly wounded.
The gnoll hits you but does no damage. The gnoll closely misses you.
The gnoll hits you but does no damage. x2; The gnoll closely misses you.
The gnoll hits you with a +0 club.
* * * LOW HITPOINT WARNING * * *
The gnoll closely misses you. The gnoll hits you with a +0 club!
You die...

##########.###### # #.# #.
#####.## #.! #......#####
#.# #.####...... ###..#
##..########. ...#.g#
#....# ## ......g## #....#
#####≈ #.g@## #8..8###≈†≈≈≈
#.g..###8..8≈≈≈≈≈≈≈≈
##....##≈..≈≈≈≈≈≈≈≈≈
###.≈≈≈≈..≈≈≈≈≈≈≈≈≈
#≈≈≈≈≈≈≈..≈≈≈≈≈≈#.#
≈≈≈≈≈r≈≈≈≈≈≈≈≈≈≈..≈≈≈###..#
≈≈≈≈≈≈≈≈≈≈≈≈≈≈≈≈..≈........
#≈≈≈≈≈≈≈≈≈≈≈≈≈#8..8#####.#.
#...≈≈≈≈≈≈≈##..8..8# #.##


You could see 4 gnolls.

Vanquished Creatures
  3 adders
  A worm (D:2)
  A dart slug (D:2)
  2 leopard geckos
  3 ball pythons (D:1)
  3 bats
  A giant cockroach (D:1)
  9 goblins
  8 hobgoblins
  10 jackals
  13 kobolds
  A quokka (D:2)
  6 frilled lizards
  7 rats
68 creatures vanquished.

Notes
Turn   | Place    | Note
-------+----------+-------------------------------------------
     0 | D:1      | Delamore the Hill Orc Fighter began the quest for the Orb.
     0 | D:1      | Reached XP level 1. HP: 19/19 MP: 1/1
    67 | D:1      | Reached skill level 3 in Axes
   650 | D:1      | Reached XP level 2. HP: 26/26 MP: 2/2
   875 | D:1      | Reached skill level 4 in Axes
   994 | D:1      | Reached XP level 3. HP: 31/31 MP: 3/3
  1617 | D:2      | Reached skill level 5 in Axes
  1684 | D:2      | Reached XP level 4. HP: 36/39 MP: 4/4
  2767 | D:3      | Slain by a gnoll

Levels and vault maps discovered:
D:1:      nzn_arrival_depleted_hourglass, layout_loops_corners,
          lemuel_old_faithful
D:2:      layout_basic, chequers_mini_garden, minmay_misc_feat_tiny
D:3:      wander_river, layout_rooms, first_ration

Skill      XL: |  1  2  3 |
---------------+----------+-----
Axes           | 3 4 5 |  5.9
Fighting       | |  3.6
Armour         | |  3.2
Dodging        | |  0.9
Stealth        | |  0.8
Shields        | |  3.2

Action                   |  1- 3 |  4- 6 || total
-------------------------+-------+-------++-------
Melee: War axe           |   134 |    62 ||   196
       Bardiche          |       |    35 ||    35
  Eat: Chunk             |     3 |     3 ||     6
Armor: Scale mail        |    65 |    63 ||   128
Dodge: Dodged            |    35 |    49 ||    84
Block: Shield            |    81 |    27 ||   108
